 Dungeon Crawl Stone Soup version 0.30-a0-165-g1891117ce2 (webtiles) character file.

Game seed: 3391975465719832690

3 LnG the Caller (level 1, -3/10 HPs)
             Began as a Kobold Summoner on Sept 28, 2022.
             Frozen to death by an endoplasm (4 damage)
             ... on level 1 of the Dungeon.
             The game lasted 00:00:39 (156 turns).

LnG the Caller (Kobold Summoner)                     Turns: 156, Time: 00:00:40

Health: -3/10      AC:  3    Str:  5    XL:     1   Next: 55%
Magic:  1/3        EV: 15    Int: 16    God:
Gold:   0          SH:  0    Dex: 15    Spells: 3/4 levels left

rFire   . . .      SeeInvis .    (weapon restricted)
rCold   . . .      Faith    .    (no shield)
rNeg    . . .      Spirit   .    a - +0 robe
rPois   .          Reflect  .    (no helmet)
rElec   .          Harm     .    (no cloak)
rCorr   +          Rampage  .    (no gloves)
Will    .....                    c - +0 pair of boots
Stlth   +++.......               (no amulet)
HPRegen 0.03/turn                e - ring of resist corrosion
MPRegen 0.08/turn                (no ring)

@: no status effects
A: small, no large weapons, nightstalker 3
a: no special abilities


You were on level 1 of the Dungeon.
You visited 1 branch of the dungeon, and saw 1 of its levels.

Inventory:

Armour
 a - a +0 robe (worn)
 c - a +0 pair of boots (worn)
Jewellery
 e - a ring of resist corrosion (left hand)
Potions
 b - a potion of magic
 d - a potion of curing {unknown}


   Skills:
 + Level 2.4 Dodging
 + Level 2.7 Stealth
 + Level 2.2 Spellcasting
 + Level 4.1 Summonings


You had 3 spell levels left.
You knew the following spells:

 Your Spells              Type           Power      Damage    Failure   Level
a - Summon Small Mammal   Summ           60%        N/A       3%          1

Your spell library contained the following spells:

 Spells                   Type           Power      Damage    Failure   Level
 Call Imp                 Summ           15%        N/A       5%          2
 Call Canine Familiar     Summ           15%        N/A       11%         3
 Summon Guardian Golem    Hex/Summ       8%         N/A       26%         3
 Summon Lightning Spire   Summ/Air       8%         N/A       65%         4


Dungeon Overview and Level Annotations

Branches:
Dungeon (1/15)

Altars:


Innate Abilities, Weirdness & Mutations

You are small and have problems with some larger weapons.
You are completely attuned to the shadows.


Message History

The giant cockroach bites you.
You hit the giant cockroach but do no damage.
Your quokka closely misses the giant cockroach.
The giant cockroach bites you but does no damage.
Your rat completely misses the giant cockroach.
You hit the giant cockroach but do no damage.
Your quokka bites the giant cockroach.
The giant cockroach barely misses you.
Your rat closely misses the giant cockroach.
You hit the giant cockroach but do no damage.
The giant cockroach is heavily wounded.
Your quokka closely misses the giant cockroach.
The giant cockroach bites you but does no damage.
Your rat closely misses the giant cockroach.
Your quokka bites the giant cockroach.
The giant cockroach dies!
HP restored.
You open the door.
There is an open door here.
An endoplasm comes into view.
Your quokka disappears in a puff of smoke!
Casting: Summon Small Mammal (safe; 3% risk of failure)
Confirm with . or Enter, or press ? or * to list all spells.
Casting: Summon Small Mammal (safe; 3% risk of failure)
Confirm with . or Enter, or press ? or * to list all spells.
A gnoll comes into view. It is wielding a +0 club.
The gnoll shouts!
The endoplasm quivers.
Found a whip.
The endoplasm closely misses you.
Your rat bites the gnoll.
You hit the endoplasm.
The endoplasm is moderately wounded.
The gnoll hits you with a +0 club.
Ouch! That really hurt!
The endoplasm closely misses you.
Your rat bites the gnoll.
You hit the endoplasm but do no damage.
The endoplasm is moderately wounded.
The gnoll hits you with a +0 club.
* * * LOW HITPOINT WARNING * * *
The endoplasm freezes you.
You are frozen.
You die...

##. ...######
.........
.........
....@J...
.#)#.g... # #r####
########### #r#
####..........
#.###.....#.......
#...'.....#.......
#####.....#.......
...rr....#.......
.........+.......


You could see a gnoll, an endoplasm (ally target), a friendly quokka (summoned)
and a friendly rat (summoned).

Vanquished Creatures (collateral kills)
  An endoplasm (D:1)
  A giant cockroach (D:1)
  A rat (D:1)
3 creatures vanquished.

Notes
Turn   | Place    | Note
-------+----------+-------------------------------------------
     0 | D:1      | LnG the Kobold Summoner began the quest for the Orb.
     0 | D:1      | Reached XP level 1. HP: 10/10 MP: 3/3
   156 | D:1      | Frozen to death by an endoplasm

Illustrated notes

Levels and vault maps discovered:
D:1:      dpeg_arrival_three_same_balls, layout_basic,
          ebering_ecumenical_altar_hall

Action                   || total
-------------------------++-------
Melee: Unarmed           ||     7
 Cast: Summon Small Mamm ||     8
  Use: Scroll            ||     1
Armor: Robe              ||     2
Dodge: Dodged            ||     3

Table legend: (Time is in decaauts)
 A = Elapsed time spent in this place.
 B = Non-inter-level travel time spent in this place.
 C = Inter-level travel time spent in this place.
 D = Time resting spent in this place.
 E = Time spent auto-exploring this place.
 F = Levels seen in this place.
 G = Mean time per level.
                   A        B        C        D        E       F      G
               +--------+--------+--------+--------+--------+-----+--------+
         Total |    155 |    155 |      0 |      3 |    106 |   1 |  155.0 |
       Dungeon |    155 |    155 |      0 |      3 |    106 |   1 |  155.0 |
               +--------+--------+--------+--------+--------+-----+--------+

Top non-repeatable levels by time:
     D:1: 155 daAuts
